 Dungeon Crawl Stone Soup version 0.28-a0-1624-g820543e53a (webtiles) character file.

Game seed: 17188021969760905466

234 agentchuck the Vandal (level 6, 0/48 HPs)
             Began as a Human Hunter on Jan 24, 2022.
             Slain by a kobold brigand (6 damage)
             ... in a sewer.
             The game lasted 00:09:54 (3169 turns).

agentchuck the Vandal (Human Hunter)                Turns: 3169, Time: 00:09:55

Health: 0/48       AC:  8    Str: 14    XL:     6   Next: 26%
Magic:  6/6        EV:  7    Int: 12    God:
Gold:   34         SH:  0    Dex: 25    Spells: 5/5 levels left

rFire   . . .      SeeInvis .   q - +8 mace "Jifarreri" {freeze, rElec rC+ rN+ Stlth-, don't train}
rCold   + . .      Faith    .   p - orb {light}
rNeg    + . .      Spirit   .   g - +0 chain mail
rPois   .          Reflect  .   (no helmet)
rElec   +          Harm     .   (no cloak)
rCorr   .          Rampage  .   (no gloves)
Will    .....                   (no boots)
Stlth   ..........              (no amulet)
HPRegen 0.16/turn               X - +6 ring of dexterity
MPRegen 0.10/turn               x - +6 ring of dexterity

@: glowing, very slow
A: no striking features
a: no special abilities


You were in a sewer.
You visited 1 branch of the dungeon, and saw 3 of its levels.
You also visited: Sewer.

You collected 34 gold pieces.


   Skills:
 + Level 4.3 Fighting
 + Level 1.4 Staves
 - Level 5.2 Slings
 - Level 2.0 Dodging
 + Level 2.1 Stealth


You had 5 spell levels left.
You didn't know any spells.
Your spell library was empty.

Inventory:

Hand Weapons
 e - a +1 hunting sling
 q - the +8 mace "Jifarreri" (weapon) {freeze, rElec rC+ rN+ Stlth-, don't train}
   (You found it on level 2 of the Dungeon)

   It freezes those it strikes, dealing additional cold damage.
   It can also slow down cold-blooded creatures.
   rC:        It protects you from cold.
   rElec:     It insulates you from electricity.
   rN:        It protects you from negative energy.
   Stlth:     It makes you less stealthy.
 w - a +0 short sword {don't train}
Missiles
 b - 92 stones (quivered) {don't train}
 d - 11 sling bullets
Armour
 c - a +0 leather armour
 g - a +0 chain mail (worn)
 m - a +0 plate armour
 p - an orb of light (worn)
Jewellery
 x - a +6 ring of dexterity (right hand)
 X - a +6 ring of dexterity (left hand)
Scrolls
 i - a scroll of amnesia {unknown}
 j - a scroll of fog {unknown}
 k - a scroll of noise {unknown}
 n - a scroll of silence {unknown}
 o - 2 scrolls of identify {unknown}
 r - a scroll of immolation {unknown}
Potions
 a - a potion of curing {@q1}
 f - a potion of magic {unknown}
 h - a potion of might {unknown}
 l - a potion of lignification {unknown}

Dungeon Overview and Level Annotations

Branches:
Dungeon (3/15)              Sewer (1/1)

Altars:
Cheibriados
Fedhas

▒. .▒ ▒K ≈▒ ▒≈
≈▒ ≈▒≈ ≈≈≈ #≈
#≈# #≈ #≈#
#≈###K#
#≈≈≈@)#
##≈.≈## #.≈.#
#.≈≈# #.≈≈##
#≈ #≈.≈≈## #≈≈
#≈≈≈..#####≈.≈
##.≈≈..≈≈≈.≈≈.
###...≈≈≈≈..#


You could see a kobold brigand.


Message History

The kobold brigand closely misses you.
Your unstable footing causes you to fumble your attack.
The kobold brigand hits you with a +0 short sword.
* * * LOW HITPOINT WARNING * * *
The kobold brigand hits you with a +0 club.
* * * LOW HITPOINT WARNING * * *
The kobold brigand hits you with a +0 short sword.
* * * LOW HITPOINT WARNING * * *
You sock the kobold brigand! You freeze the kobold brigand.
You kill the kobold brigand!
You hear a splash. x2
The kobold brigand hits you but does no damage.
The kobold brigand hits you with a +0 club.
* * * LOW HITPOINT WARNING * * *
Your Staves skill increases to level 1!
Your Stealth skill increases to level 2!
You have reached level 6!
You sock the kobold brigand! You freeze the kobold brigand.
The kobold brigand is heavily wounded.
The kobold brigand hits you with a +0 club.
* * * LOW HITPOINT WARNING * * *
Your unstable footing causes you to fumble your attack.
The kobold brigand hits you with a +0 club.
* * * LOW HITPOINT WARNING * * *
You thump the kobold brigand! You freeze the kobold brigand.
The kobold brigand is almost dead.
The kobold brigand hits you with a +0 club.
* * * LOW HITPOINT WARNING * * *
The kobold brigand hits you with a +0 club.
You die...

Skill      XL: |  1  2  3  4  5 |
---------------+----------------+-----
Fighting       | 3 4 |  4.3
Slings         | 5 |  5.2
Staves         | 1 |  1.4
Stealth        | 2 |  2.1
Dodging        | |  2.0

Action                   |  1- 3 |  4- 6 || total
-------------------------+-------+-------++-------
Melee: Short sword       |    83 |       ||    83
       Punch             |     2 |       ||     2
       Mace              |       |    41 ||    41
 Fire: Hunting sling     |    51 |    88 ||   139
Throw: Stone             |       |     1 ||     1
  Use: Potion            |       |     1 ||     1
Armor: Leather armour    |    44 |    15 ||    59
       Chain mail        |       |     7 ||     7
Dodge: Dodged            |    78 |    47 ||   125

Levels and vault maps discovered:
D:1:      minmay_arrival_nine_rooms, layout_basic,
          dreamdust_ecumenical_altar_grove, chequers_serial_rivers_small_3,
          st_stairs_9
D:2:      layout_basic, uniq_jessica
D:3:      layout_basic, general_overflow_altar, mainiacjoe_overflow_catwalk,
          nzn_wu_jian_contemplation, serial_shops, shop, portal_sewer_entry_a
Sewer:    sewer_co_tree

Notes
Turn   | Place    | Note
-------+----------+-------------------------------------------
     0 | D:1      | agentchuck the Human Hunter began the quest for the Orb.
     0 | D:1      | Reached XP level 1. HP: 16/16 MP: 1/1
    82 | D:1      | Reached XP level 2. HP: 17/22 MP: 2/2
   483 | D:1      | Found a faded altar of an unknown god.
   870 | D:1      | Reached XP level 3. HP: 27/28 MP: 3/3
  1686 | D:2      | Noticed Jessica
  1695 | D:2      | Killed Jessica
  1696 | D:2      | Reached skill level 3 in Fighting
  1696 | D:2      | Reached XP level 4. HP: 35/35 MP: 4/4
  1981 | D:2      | Reached skill level 5 in Slings
  2215 | D:2      | Reached XP level 5. HP: 41/41 MP: 5/5
  2628 | D:2      | Identified the +8 mace "Jifarreri" {freeze, rElec rC+ rN+
                  | Stlth-}
  2905 | D:3      | Found a blossoming altar of Fedhas.
  2989 | D:3      | Found a glowing drain.
  3010 | D:3      | Found a snail-covered altar of Cheibriados.
  3038 | D:3      | Reached skill level 4 in Fighting
  3088 | Sewer    | Entered a sewer
  3148 | Sewer    | Noticed a kobold brigand
  3148 | Sewer    | Noticed a kobold brigand
  3166 | Sewer    | Killed a kobold brigand
  3167 | Sewer    | Reached skill level 1 in Staves
  3167 | Sewer    | Reached skill level 2 in Stealth
  3167 | Sewer    | Reached XP level 6. HP: 18/48 MP: 6/6
  3169 | Sewer    | Slain by a kobold brigand

Vanquished Creatures
  A kobold brigand (Sewer)
  Jessica (D:2)
  5 adders (D:2)
  2 gnolls (D:3)
  A worm (D:2)
  A dart slug (D:2)
  5 bats
  6 endoplasms
  4 giant cockroaches
  5 goblins
  5 hobgoblins
  7 jackals
  3 quokkas (D:1)
  6 ball pythons
  4 frilled lizards
  7 kobolds
  8 rats
71 creatures vanquished.

Vanquished Creatures (others)
  2 fungi (D:1)
  A plant (D:1)
3 creatures vanquished.

Grand Total: 74 creatures vanquished

Table legend: (Time is in decaauts)
 A = Elapsed time spent in this place.
 B = Non-inter-level travel time spent in this place.
 C = Inter-level travel time spent in this place.
 D = Time resting spent in this place.
 E = Time spent auto-exploring this place.
 F = Levels seen in this place.
 G = Mean time per level.
                   A        B        C        D        E       F      G
               +--------+--------+--------+--------+--------+-----+--------+
         Total |   3205 |   3097 |    108 |   1076 |   1087 |   4 |  801.2 |
       Dungeon |   3106 |   2998 |    108 |   1049 |   1087 |   3 | 1035.3 |
         Sewer |     98 |     98 |      0 |     27 |      0 |   1 |   98.0 |
               +--------+--------+--------+--------+--------+-----+--------+

Top non-repeatable levels by time:
     D:1: 1592 daAuts
     D:2: 1138 daAuts
     D:3: 375 daAuts
   Sewer: 98 daAuts

Table legend:
 A = Non-vault XP
 B = Vault XP
 C = Vault XP percentage of total XP
 D = Non-vault monster count
 E = Vault monster count
 F = Vault count percentage of total count
                 A         B        C        D         E       F
            +---------+---------+-------+---------+---------+-------
      Total |     185 |     150 |  44.8 |      60 |      11 |  15.5
            +---------+---------+-------+---------+---------+-------
        D:1 |      48 |       4 |   7.7 |      31 |       2 |   6.1
        D:2 |      98 |      37 |  27.4 |      20 |       1 |   4.8
        D:3 |      39 |       9 |  18.8 |       9 |       7 |  43.8
      Sewer |       0 |     100 | 100.0 |       0 |       1 | 100.0
            +---------+---------+-------+---------+---------+-------
